 Dungeon Crawl Stone Soup version 0.23-a0-650-ga4d50d4 (console) character file.

42 bli the Chopper (level 3, 0/33 HPs)
             Began as a Hill Orc Abyssal Knight on Jan 4, 2019.
             Was a Follower of Lugonu.
             Slain by an adder (2 damage)
             ... on level 2 of the Dungeon.
             The game lasted 00:04:07 (877 turns).

bli the Chopper (Hill Orc Abyssal Knight)            Turns: 877, Time: 00:04:07

Health: 0/33       AC:  3    Str: 15    XL:     3   Next: 54%
Magic:  4/4        EV: 10    Int: 12    God:    Lugonu [*.....]
Gold:   59         SH:  3    Dex: 10    Spells: 2/2 levels left

rFire    x . .     SeeInvis .   a - +1 hand axe
rCold    + . .     Gourm    .   h - +0 buckler
rNeg     . . .     Faith    .   b - +0 leather armour
rPois    .         Spirit   .   (no helmet)
rElec    .         Reflect  .   (no cloak)
rCorr    .         Harm     .   (no gloves)
MR       .....                  (no boots)
Stlth    +.........             s - amulet of magic regeneration
HPRegen  0.11/turn              m - ring of ice
MPRegen  0.34/turn              (no ring)

@: lethally poisoned (0 -> -9), hasted, very quick
A: no striking features
a: Depart the Abyss, Renounce Religion


You were on level 2 of the Dungeon.
You worshipped Lugonu.
Lugonu was aware of your devotion.
You were not hungry.

You visited 1 branch of the dungeon, and saw 2 of its levels.
You visited the Abyss 1 time.

You collected 59 gold pieces.

Inventory:

Hand Weapons
 a - a +1 hand axe (weapon)
 p - a +0 mace
Missiles
 g - 18 stones (quivered)
 o - 22 sling bullets
Armour
 b - a +0 leather armour (worn)
 h - a +0 buckler (worn)
 q - a +0 scale mail
Jewellery
 m - a ring of ice (left hand)
 s - an amulet of magic regeneration (around neck)
Scrolls
 e - a scroll of amnesia {unknown}
 i - 4 scrolls of identify {unknown}
 j - a scroll of noise {unknown}
 k - 2 scrolls of fear {unknown}
 l - a scroll of immolation {unknown}
 r - a scroll of blinking {unknown}
Comestibles
 c - 5 rations
 f - 3 chunks of flesh


   Skills:
 + Level 4.1 Fighting
 + Level 4.3 Axes
 + Level 2.3 Armour
 + Level 0.9 Dodging
 * Level 0.4 Shields
 - Level 2.4 Invocations


You had 2 spell levels left.
You didn't know any spells.
Your spell library was empty.

Dungeon Overview and Level Annotations

Branches:
Dungeon (2/15)

Altars:


Message History

The adder is lightly wounded.
You feel sick. The adder bites you.
* * * LOW HITPOINT WARNING * * *
You closely miss the adder.
The adder is lightly wounded.
The adder closely misses you. You block the adder's attack.
It was a potion of haste.
You feel yourself speed up.
* * * LOW HITPOINT WARNING * * *
You feel sick. The adder bites you.
* * * LOW HITPOINT WARNING * * *
You are more poisoned.
The adder poisons you!
You miss the adder.
The adder is lightly wounded.
The adder barely misses you.
You closely miss the adder.
The adder is lightly wounded.
* * * LOW HITPOINT WARNING * * *
You feel sick. The adder bites you.
You die...

#.! #. ... ..
####.###.
..#....
...........
........(.
#.#S#.......
#.#@#.......
#.#.#....... .
#.#.#.(...
..####.#.#..#
.........รท..#
.......#.#.##
#####...#.#
#.###.#
#.#<#.#
#.#.#.# #
#.#.#.# .#


You could see an adder.

Vanquished Creatures
  An adder (D:2)
  2 oozes (D:1)
  A leopard gecko (D:2)
  2 bats
  A giant cockroach (D:1)
  3 goblins
  3 hobgoblins (D:1)
  2 jackals (D:1)
  A quokka (D:2)
  A frilled lizard (D:1)
  5 kobolds
  A rat (D:2)
23 creatures vanquished.

Notes
Turn   | Place    | Note
-------+----------+-------------------------------------------
     0 | Abyss:1  | bli the Hill Orc Abyssal Knight began the quest for the
                  | Orb.
     0 | Abyss:1  | Reached XP level 1. HP: 19/19 MP: 2/2
    73 | Abyss:1  | Noticed a small abomination
    78 | D:1      | Escaped the Abyss
   100 | D:1      | Reached XP level 2. HP: 23/26 MP: 3/3
   153 | D:1      | Reached * piety under Lugonu
   550 | D:1      | Reached XP level 3. HP: 33/33 MP: 4/4
   867 | D:2      | HP: 1/33 [adder (3)]
   877 | D:2      | Slain by an adder

Vault maps used:
D:1:      giann_bridges, chequers_serial_rivers_micro_c
D:2:      grunt_temple_overflow_open, minmay_misc_feat_enclosed,
          uniq_crazy_yiuf_cottage, uniq_terence, uniq_jessica

Skill      XL: |  1  2  3 |
---------------+----------+-----
Axes           | 3 4 |  4.3
Fighting       | 4 |  4.1
Armour         | |  2.3
Dodging        | |  0.9
Shields        | |  0.4
Invocations    | |  2.4

Action                   || total
-------------------------++-------
Melee: Hand axe          ||    79
Throw: Stone             ||     5
Invok: Depart the Abyss  ||     1
  Use: Potion            ||     2
Armor: Leather armour    ||    14
Dodge: Dodged            ||    41
Block: Buckler           ||     7

Table legend:
 A = Non-vault XP
 B = Vault XP
 C = Vault XP percentage of total XP
 D = Non-vault monster count
 E = Vault monster count
 F = Vault count percentage of total count
                 A         B        C        D         E       F
            +---------+---------+-------+---------+---------+-------
      Total |      60 |       0 |   0.0 |      23 |       0 |   0.0
            +---------+---------+-------+---------+---------+-------
        D:1 |      37 |       0 |   0.0 |      16 |       0 |   0.0
        D:2 |      23 |       0 |   0.0 |       7 |       0 |   0.0
            +---------+---------+-------+---------+---------+-------
